 Dungeon Crawl Stone Soup version 0.22.1-2-g9c5b331 (webtiles) character file.

44 myga the Sneak (level 3, 0/25 HPs)
             Began as a Formicid Enchanter on Dec 8, 2018.
             Slain by a worm (4 damage)
             ... on level 2 of the Dungeon.
             The game lasted 00:07:07 (1083 turns).

myga the Sneak (Formicid Enchanter)                 Turns: 1083, Time: 00:07:08

Health: 0/25       AC:  2    Str: 12    XL:     3   Next: 87%
Magic:  0/6        EV: 12    Int: 14    God:
Gold:   78         SH:  0    Dex: 12    Spells: 4/7 levels left

rFire    . . .     SeeInvis +   a - +1 dagger
rCold    . . .     Gourm    .   (no shield)
rNeg     . . .     Faith    .   e - +0 robe
rPois    .         Spirit   .   (helmet unavailable)
rElec    .         Reflect  .   (no cloak)
rCorr    .         Harm     .   (no gloves)
MR       .....                  (no boots)
Stlth    ++++......             (no amulet)
HPRegen  0.08/turn              c - ring of stealth
MPRegen  0.10/turn              (no ring)

@: very slightly contaminated
A: permanent stasis, dig shafts and tunnels, four strong arms, antennae 3
a: Dig, Shaft Self


You were on level 2 of the Dungeon.
You were not hungry.

You visited 1 branch of the dungeon, and saw 2 of its levels.

You collected 78 gold pieces.

Inventory:

Hand Weapons
 a - a +1 dagger (weapon)
 h - a +2 dagger of draining
 i - a +0 short sword
Missiles
 l - 26 stones (quivered)
 m - 14 arrows
Armour
 b - a +0 robe
 e - a +0 robe (worn)
Jewellery
 c - a ring of stealth (left hand)
Scrolls
 f - a scroll of blinking {unknown}
 k - a scroll of identify {unknown}
 p - 2 scrolls of remove curse
Potions
 j - a potion of invisibility {unknown}
 n - a potion of lignification {unknown}
 o - 2 potions of ambrosia {unknown}
 q - a potion of cancellation {unknown}
 r - 2 potions of heal wounds
 s - a potion of flight {unknown}
Comestibles
 d - 3 rations
 g - 6 chunks of flesh


   Skills:
 + Level 0.6 Fighting
 + Level 1.2 Short Blades
 + Level 2.0 Dodging
 + Level 4.3 Stealth
 + Level 2.6 Spellcasting
 + Level 4.1 Hexes
 + Level 0.1 Ice Magic


You had 4 spell levels left.
You knew the following spells:

 Your Spells              Type           Power        Failure   Level  Hunger
a - Corona                Hex            ##.....      4%          1    #......
b - Ensorcelled Hibernat  Hex/Ice        #.....       14%         2    ###....

Your spell library contained the following spells:

 Spells                   Type           Power        Failure   Level  Hunger
 Confuse                  Hex            ##......     12%         3    ###....
 Tukima's Dance           Hex            ##......     12%         3    ###....
 Dazzling Spray           Conj/Hex       #.....       28%         3    ###....


Dungeon Overview and Level Annotations

Branches:
Dungeon (2/15)

Altars:
Trog


Innate Abilities, Weirdness & Mutations

You cannot be hasted, slowed, berserked, paralysed or teleported.
You can dig through walls and to a lower floor.
Your four strong arms can wield two-handed weapons with a shield.
You have a pair of large antennae on your head. (SInv)


Message History

The worm barely misses you.
You barely miss the worm.
The worm is lightly wounded.
You barely miss the worm.
The worm is lightly wounded.
The worm bites you!
* * * LOW HITPOINT WARNING * * *
Casting: Ensorcelled Hibernation (safe; 14% risk of failure)
Confirm with . or Enter, or press ? or * to list all spells.
You don't have enough magic to cast that spell.
Unknown command.
Found 12 gold pieces.
Casting: Ensorcelled Hibernation (safe; 14% risk of failure)
Confirm with . or Enter, or press ? or * to list all spells.
Aiming: Ensorcelled Hibernation (safe; 14% risk of failure)
Press: ? - help, Shift-Dir - straight line, f/p - worm
Aim: a worm (chance to defeat MR: 48%)
The worm looks drowsy...
The worm bites you.
You die...

#...........#####
#.#...........<.g
#................
#.#######...######
... ### #.........
##. #####..#######
+_+....# #+###w##
#@# .###.###.#
.........#
#.$.....##
#........
#######... #....
#..... #......


You could see a worm.

Vanquished Creatures
  An adder (D:2)
  An ooze (D:1)
  A dart slug (D:2)
  A leopard gecko (D:2)
  3 bats (D:1)
  A giant cockroach (D:1)
  4 goblins
  3 hobgoblins
  2 ball pythons
  4 frilled lizards
  4 kobolds
  7 rats
32 creatures vanquished.

Notes
Turn   | Place    | Note
-------+----------+-------------------------------------------
     0 | D:1      | myga the Formicid Enchanter began the quest for the Orb.
     0 | D:1      | Reached XP level 1. HP: 13/13 MP: 3/3
    76 | D:1      | Reached XP level 2. HP: 19/19 MP: 5/5
   227 | D:1      | Learned a level 2 spell: Ensorcelled Hibernation
   724 | D:2      | Reached XP level 3. HP: 22/24 MP: 3/6
  1047 | D:2      | Found a bloodstained altar of Trog.
  1083 | D:2      | Slain by a worm

Skill      XL: |  1  2 |
---------------+-------+-----
Dodging        | 2 |  2.0
Hexes          | 4 |  4.1
Stealth        | 4 |  4.3
Fighting       | |  0.6
Short Blades   | |  1.2
Spellcasting   | |  2.6
Ice Magic      | |  0.1

Action                   || total
-------------------------++-------
Melee: Dagger            ||    88
 Cast: Corona            ||     3
       Ensorcelled Hiber ||     7
 Abil: Dig               ||     1
  Use: Scroll            ||     1
       Potion            ||     1
 Stab: Sleeping          ||    12
       Distracted        ||     1
  Eat: Chunk             ||     1
Armor: Robe              ||     3
Dodge: Dodged            ||    31
